 Dungeon Crawl Stone Soup version 0.25-a0-547-g27a0b5d (webtiles) character file.

Game seed: 16551305353244862095, levelgen mode: deterministic

3397 Dantiko the Slasher (level 10, -4/63 HPs)
             Began as a Tengu Fighter on Feb 23, 2020.
             Was a Believer of Zin.
             Slain by a hog (11 damage)
             ... on level 6 of the Dungeon.
             The game lasted 00:26:47 (6417 turns).

Dantiko the Slasher (Tengu Fighter)                 Turns: 6417, Time: 00:26:48

Health: -4/63      AC: 12    Str: 18    XL:     10   Next: 4%
Magic:  15/15      EV: 12    Int:  6    God:    Zin [**....]
Gold:   296        SH: 12    Dex: 12    Spells: 9/9 levels left

rFire    . . .     SeeInvis +   e - +7 hand axe "Rujuypet" {freeze, rElec Int-2 Dex-4 SInv}
rCold    + . .     Gourm    .   v - +2 kite shield {rC+}
rNeg     . . .     Faith    .   l - +2 scale mail {MR+}
rPois    +         Spirit   .   (helmet restricted)
rElec    +         Reflect  .   o - +1 cloak
rCorr    .         Harm     .   i - +0 pair of gloves
MR       +....                  (boots unavailable)
Stlth    ..........             (no amulet)
HPRegen  0.20/turn              (no ring)
MPRegen  0.14/turn              H - ring of poison resistance

@: flying quickly and evasively, quick
A: beak, talons 3, able to fly
a: Stop Flying, Recite, Vitalisation, Donate Gold, Renounce Religion


You were on level 6 of the Dungeon.
You worshipped Zin.
Zin was pleased with you.
You were not hungry.

You visited 2 branches of the dungeon, and saw 8 of its levels.

You collected 328 gold pieces.
You donated 32 gold pieces to Zin.

Inventory:

Hand Weapons
 e - the +7 hand axe "Rujuypet" (weapon) {freeze, rElec Int-2 Dex-4 SInv}
   (You found it on level 7 of the Dungeon)

   It has been specially enchanted to freeze those struck by it, causing extra
   injury to most foes and up to half again as much damage against particularly
   susceptible opponents.
   It can also slow down cold-blooded creatures.
   It affects your intelligence (-2).
   It affects your dexterity (-4).
   It insulates you from electricity.
   It lets you see invisible.
 E - a +0 falchion of holy wrath
Missiles
 r - 9 javelins (quivered)
Armour
 i - a +0 pair of gloves (worn)
 l - a +2 scale mail of magic resistance (worn)
 o - a +1 cloak (worn)
 v - a +2 kite shield of cold resistance (worn)
Jewellery
 H - a ring of poison resistance (right hand)
Wands
 u - a wand of flame (12)
Scrolls
 a - a scroll of remove curse
 b - 2 scrolls of amnesia
 g - a scroll of holy word {unknown}
 h - a scroll of fear
 j - a scroll of identify
 q - a scroll of blinking
 s - a scroll of enchant armour
 t - 2 scrolls of teleportation
 x - a scroll of immolation
Potions
 c - a potion of curing
 d - 3 potions of might
 k - a potion of heal wounds {unknown}
 p - 3 potions of flight {unknown}
 w - 3 potions of stabbing {unknown}
 z - 2 potions of berserk rage {unknown}
Comestibles
 f - 16 rations


   Skills:
 + Level 7.5 Fighting
 + Level 7.9 Long Blades
 - Level 5.1 Armour
 - Level 5.1 Dodging
 - Level 5.4 Shields
 - Level 5.5 Invocations


You had 9 spell levels left.
You didn't know any spells.
Your spell library was empty.

Dungeon Overview and Level Annotations

Branches:
Dungeon (7/15)             Temple (1/1) D:4

Altars:
Cheibriados
Dithmenos
Gozag
Hepliaklqana
Kikubaaqudgha
Makhleb
Nemelex Xobeh
Okawaru
Ru
Sif Muna
Trog
Uskayaw
Vehumet
Wu Jian
Xom
Yredelemnul
Zin

Annotations:
D:4 1 transporter
D:7 1 runed translucent door, jimbutter's ghost, novice MiBe


Innate Abilities, Weirdness & Mutations

You have a beak for a mouth.
You have claws for feet.
You can fly continuously.


Message History

* * * LOW HITPOINT WARNING * * *
You completely miss the hog. Your kick misses the hog. The hog bites you!
* * * LOW HITPOINT WARNING * * *
The hog barely misses you.
There is an escape hatch in the ceiling here.
The hog bites you but does no damage. x2
A mysterious force pulls you upwards. The hatch slams shut behind you.
Okay, then.
You slash the hog! You freeze the hog. You claw the hog!
The hog is severely wounded.
The hog barely misses you. x2
You hit the hog. You freeze the hog. Your kick misses the hog.
The hog is severely wounded.
You block the hog's attack. The hog misses you.
You hit the hog but do no damage.
The hog is severely wounded.
The hog bites you.
* * * LOW HITPOINT WARNING * * *
The hog bites you!
You die...

##..#.## #...............
#...#..# ##..............
#...##.# ##.....[.......
#...##.## ##......[.....
##..###..# ##...........
#...# ##.## ##..........
#.>.# #..##########
###........ #..##
##..........####.)........
...#
#.......h@.......####....#
.T.#
#..############...#####.##
..## ##.## ###..## ### ..#
#..# ##..## ..#####.##
##..## ....##..# ##..##
#.......# ##..## ####...##
##..## ###.## ##..#


You could see a hog.

Vanquished Creatures
  A troll (D:6)
  Grinder (D:3)
  2 hippogriffs (D:7)
  A slime creature (D:7)
  2 yaks (D:7)
  A basilisk (D:7)
  A wyvern (D:7)
  Eustachio (D:5)
  Menkaure (D:5)
  A hungry ghost (D:7)
  A water moccasin (D:7)
  A sky beast (D:5)
  A phantom (D:4)
  An ogre (D:7)
  A bullfrog (D:7)
  A scorpion (D:7)
  5 wights (D:5)
  A centaur zombie (D:7)
  2 crimson imps
  3 hounds
  2 orc priests (D:5)
  2 bullfrog skeletons
  Jessica (D:3)
  A centaur skeleton (D:6)
  Ijyb (D:3)
  Terence (D:2)
  2 orc wizards (D:6)
  4 worker ants
  2 hound zombies
  A worker ant zombie (D:5)
  A howler monkey zombie (D:7)
  5 adders
  2 shadow imps (D:7)
  2 oozes
  6 worms
  4 dart slugs
  5 leopard geckos
  18 orcs
  2 ball pythons
  11 bats
  3 giant cockroaches
  10 goblins
  7 hobgoblins
  4 jackals (D:1)
  5 quokkas
  2 frilled lizards
  A jackal skeleton (D:6)
  A jackal zombie (D:6)
  7 kobolds
  A leopard gecko skeleton (D:4)
  A leopard gecko zombie (D:5)
  21 rats
  2 fungi (D:1)
167 creatures vanquished.

Notes
Turn   | Place    | Note
-------+----------+-------------------------------------------
     0 | D:1      | Dantiko the Tengu Fighter began the quest for the Orb.
     0 | D:1      | Reached XP level 1. HP: 14/14 MP: 2/2
    66 | D:1      | Reached XP level 2. HP: 13/19 MP: 3/3
   192 | D:1      | Reached XP level 3. HP: 22/23 MP: 4/4
   697 | D:2      | Reached XP level 4. HP: 28/28 MP: 5/5
   793 | D:2      | Noticed Terence
   811 | D:2      | Killed Terence
   986 | D:2      | Found a snail-covered altar of Cheibriados.
  1169 | D:3      | Noticed Grinder
  1296 | D:3      | Killed Grinder
  1296 | D:3      | Reached skill level 5 in Armour
  1296 | D:3      | Gained mutation: You can fly continuously. [Tengu growth]
  1296 | D:3      | Reached XP level 5. HP: 12/34 MP: 6/6
  1296 | D:3      | Reached XP level 6. HP: 14/39 MP: 7/7
  1489 | D:3      | Noticed Jessica
  1492 | D:3      | Killed Jessica
  1538 | D:3      | Noticed Ijyb
  1547 | D:3      | Reached skill level 1 in Dodging
  1555 | D:3      | Killed Ijyb
  2241 | D:4      | Found an ornate altar of the Wu Jian Council.
  2246 | D:4      | Reached XP level 7. HP: 44/44 MP: 8/8
  2294 | D:4      | Found a radiant altar of Vehumet.
  2569 | D:4      | Found a staircase to the Ecumenical Temple.
  2578 | Temple   | Entered the Ecumenical Temple
  2676 | Temple   | Became a worshipper of Zin the Law-Giver
  2676 | Temple   | Reached * piety under Zin
  2738 | D:4      | Found a sparkling altar of Nemelex Xobeh.
  2738 | D:4      | Found a transporter.
  3153 | D:5      | Entered Level 5 of the Dungeon
  3175 | D:5      | Reached skill level 5 in Fighting
  3175 | D:5      | Reached skill level 5 in Long Blades
  3185 | D:5      | Noticed Menkaure
  3332 | D:5      | Killed Menkaure
  3656 | D:5      | Reached XP level 8. HP: 49/49 MP: 9/9
  3758 | D:5      | Reached ** piety under Zin
  3907 | D:5      | Noticed Eustachio
  3917 | D:5      | Killed Eustachio
  3917 | D:5      | Reached skill level 5 in Dodging
  3921 | D:5      | Got a scorched ring mail
  3941 | D:5      | Identified the cursed +0 ring mail "Gemu" {Regen+ rCorr
                  | Str-5 SInv} (You found it on level 5 of the Dungeon)
  3976 | D:5      | Noticed a moth of wrath
  3990 | D:5      | Found a bloodstained altar of Trog.
  4359 | D:6      | Found a sacrificial altar of Ru.
  4437 | D:6      | Reached skill level 1 in Invocations
  4481 | D:6      | Found a sparkling altar of Nemelex Xobeh.
  4548 | D:6      | Found a snail-covered altar of Cheibriados.
  4693 | D:6      | Got a jewelled scale mail
  5133 | D:7      | Noticed a hippogriff
  5153 | D:7      | Killed a hippogriff
  5153 | D:7      | Reached XP level 9. HP: 28/55 MP: 11/13
  5164 | D:7      | Noticed a troll
  5191 | D:7      | Noticed a troll
  5254 | D:6      | Killed a troll
  5254 | D:6      | Reached skill level 5 in Invocations
  5283 | D:7      | HP: 2/55 [troll (11)]
  5508 | D:7      | Reached skill level 5 in Shields
  5530 | D:7      | Reached *** piety under Zin
  5640 | D:6      | HP: 1/55 [troll (7)]
  5640 | D:6      | Zin protects you from harm!
  5690 | D:7      | Found a runed translucent door.
  5956 | D:7      | Identified the +0 scale mail of True Grit {MR+ Dex+2} (You
                  | found it on level 6 of the Dungeon)
  5964 | D:7      | Got a slimy hand axe
  6033 | D:7      | Identified the +7 hand axe "Rujuypet" {freeze, rElec Int-2
                  | Dex-4 SInv} (You found it on level 7 of the Dungeon)
  6085 | D:7      | Found an ancient bone altar of Kikubaaqudgha.
  6157 | D:7      | Noticed jimbutter's ghost (novice MiBe)
  6392 | D:7      | Reached XP level 10. HP: 25/63 MP: 15/15
  6417 | D:6      | Slain by a hog

Levels and vault maps discovered:
D:1:      tarquinn_simple_flora_water_d, layout_rooms
D:2:      layout_basic, old_standard_altar, uniq_terence
D:3:      layout_loops_ring, first_ration, uniq_ijyb, uniq_grinder, uniq_jessica
D:4:      layout_loops_corners, old_standard_altar,
          nicolae_overflow_crystal_walls, minmay_temple_entry_gardened_gates,
          grunt_nemelex_the_gamble
D:5:      layout_cave_pools, tgw_trog, uniq_eustachio, uniq_menkaure
D:6:      layout_cave_pods, overflow_temple_1_default, nicolae_ru_path_of_blood,
          cheibriados_altar_1
D:7:      minmay_the_grid_octo_2x2 [minmay_the_grid_octo_teeth,
          minmay_the_grid_octo_tetromino_candy, minmay_the_grid_octo_clover_2,
          minmay_the_grid_octo_prize_square_snowflake], layout_basic,
          old_standard_altar, lemuel_coloured_pillars_altar,
          ebering_ghost_inner_flame, grunt_livestock
Temple:   compressed_dpeg_circular_temple

Skill      XL: |  1  2  3  4  5  6  7  8  9 |
---------------+----------------------------+-----
Armour         | 4 5 |  5.1
Long Blades    | 3 4 5 6 7 |  7.9
Fighting       | 4 5 6 7 |  7.5
Dodging        | 2 4 5 |  5.1
Shields        | 4 5 |  5.4
Invocations    | 4 5 |  5.5

Action                   |  1- 3 |  4- 6 |  7- 9 | 10-12 || total
-------------------------+-------+-------+-------+-------++-------
Melee: Long sword        |   102 |   105 |   321 |       ||   528
       Kick              |    32 |    32 |   120 |     1 ||   185
       Peck              |    17 |    12 |    76 |       ||   105
       Hand axe          |       |       |    25 |     5 ||    30
Throw: Javelin           |       |       |     7 |       ||     7
Invok: Recite            |       |       |    13 |       ||    13
 Abil: Fly               |       |       |     1 |       ||     1
Evoke: Wand              |       |     2 |     1 |       ||     3
  Use: Scroll            |       |       |    14 |       ||    14
       Potion            |       |       |     1 |       ||     1
 Stab: Confused          |       |       |     3 |       ||     3
  Eat: Chunk             |       |     5 |     9 |       ||    14
       Ration            |       |       |     2 |       ||     2
Armor: Scale mail        |    42 |    54 |    43 |     2 ||   141
       Ring mail         |       |       |    87 |       ||    87
Dodge: Dodged            |    23 |    33 |   174 |     5 ||   235
Block: Kite shield       |    53 |    59 |   202 |     2 ||   316
       Rpst.: Long sword |     5 |    13 |    42 |       ||    60

Table legend:
 A = Non-vault XP
 B = Vault XP
 C = Vault XP percentage of total XP
 D = Non-vault monster count
 E = Vault monster count
 F = Vault count percentage of total count
                 A         B        C        D         E       F
            +---------+---------+-------+---------+---------+-------
      Total |    2369 |    2484 |  51.2 |     143 |      22 |  13.3
            +---------+---------+-------+---------+---------+-------
        D:1 |      65 |       0 |   0.0 |      33 |       0 |   0.0
        D:2 |      41 |      36 |  46.8 |      20 |       1 |   4.8
        D:3 |      78 |     363 |  82.3 |      30 |       3 |   9.1
        D:4 |     217 |       0 |   0.0 |      11 |       0 |   0.0
        D:5 |     667 |     362 |  35.2 |      21 |       7 |  25.0
        D:6 |     325 |     301 |  48.1 |      14 |       1 |   6.7
        D:7 |     976 |    1422 |  59.3 |      14 |      10 |  41.7
            +---------+---------+-------+---------+---------+-------
